 Dungeon Crawl Stone Soup version 0.26.0-45-g9c1d065592 (webtiles) character file.

Game seed: 8920429954227936382

450 hawla the Conjurer (level 6, 0/48 HPs)
             Began as a Draconian Conjurer on Jan 29, 2021.
             Slain by an orc priest
             ... wielding a +2 dagger of flaming
              (3 damage)
             ... on level 4 of the Dungeon.
             The game lasted 00:18:01 (3493 turns).

hawla the Conjurer (Draconian Conjurer)             Turns: 3493, Time: 00:18:02

Health: 0/48       AC:  9    Str:  6 (9)  XL:     6   Next: 74%
Magic:  1/12       EV: 12    Int: 18 (20) God:
Gold:   219        SH:  0    Dex:  9 (10) Spells: 7/14 levels left

rFire    . . .     SeeInvis .   i - +0 dagger (freeze)
rCold    . . .     Faith    .   (no shield)
rNeg     . . .     Spirit   .   (armour unavailable)
rPois    .         Reflect  .   (helmet restricted)
rElec    .         Harm     .   d - +2 cloak
rCorr    .         Rampage  .   (no gloves)
Will     +....                  (no boots)
Stlth    ++........             (no amulet)
HPRegen  0.16/turn              q - ring of willpower
MPRegen  0.13/turn              (no ring)

@: brilliant, attractive, very slightly contaminated
A: unfitting armour, cold-blooded, AC +6
a: no special abilities


You were on level 4 of the Dungeon.
You visited 1 branch of the dungeon, and saw 4 of its levels.

You collected 219 gold pieces.

Inventory:

Hand Weapons
 i - a +0 dagger of freezing (weapon)
Missiles
 j - 13 poisoned darts (quivered)
Armour
 d - a +2 cloak (worn)
Jewellery
 q - a ring of willpower (left hand)
Scrolls
 c - a scroll of teleportation
 f - a scroll of noise {unknown}
 g - a scroll of fog
 l - a scroll of remove curse
 n - a scroll of random uselessness {unknown}
 p - a scroll of immolation {unknown}
Potions
 b - a potion of berserk rage
 e - a potion of flight
 h - 2 potions of attraction
 k - a potion of haste
 o - a potion of heal wounds {unknown}


   Skills:
 - Level 2.0 Fighting
 - Level 1.7 Dodging
 - Level 1.7 Stealth
 + Level 4.5 Spellcasting
 + Level 6.0 Conjurations
 - Level 2.0 Translocations


You had 7 spell levels left.
You knew the following spells:

 Your Spells              Type           Power        Failure   Level
a - Magic Dart            Conj           100%         1%          1
b - Searing Ray           Conj           76%          1%          2
c - Iskenderun's Mystic   Conj/Tloc      27%          26%         4

Your spell library contained the following spells:

 Spells                   Type           Power        Failure   Level
 Dazzling Flash           Conj/Hex       44%          12%         3
 Fulminant Prism          Conj/Hex       11%          38%         4


Dungeon Overview and Level Annotations

Branches:
Dungeon (4/15)
 Temple: D:4-7

Altars:


Innate Abilities, Weirdness & Mutations

Your plain brown scales are hard. (AC +6)
You cannot fit into any form of body armour.
You are cold-blooded and may be slowed by cold attacks.


Message History

The orc wizard blinks!
The orc priest mumbles some strange prayers to Beogh against you.
Beogh smites you!
Okay, then.
It was a potion of attraction.
You feel attractive to monsters.
The orc priest hits you but does no damage.
The orc wizard is pulled toward you!
It was a potion of brilliance.
You feel clever all of a sudden.
The orc wizard hits you but does no damage.
The orc priest invokes the aid of Beogh against you.
Beogh smites you!
* * * LOW HITPOINT WARNING * * *
It was a potion of degeneration.
There was something very wrong with that liquid.
You feel weakened.
You feel dopey.
You feel clumsy.
The orc wizard hits you but does no damage.
The orc priest hits you with a +2 dagger of flaming.
You die...

#.......# ###.......#
######........#
....##........#
.....#.[......########
.....#....).<........#
.#...#...............#
.#...#..........@....#
##...#.....##..o[o...#
#........>##...)....#
#...#.....##........#
#...#.....##........#
#...#.....##........#
###.#.....##........#
####.#.....##........#
.....#######


You could see an orc priest and an orc wizard.

Vanquished Creatures
  A phantom (D:2)
  A howler monkey (D:4)
  3 orc wizards (D:4)
  Jessica (D:3)
  Terence (D:3)
  6 adders
  3 gnolls (D:3)
  2 oozes
  4 worms
  2 dart slugs
  A leopard gecko (D:3)
  6 orcs
  6 bats
  6 giant cockroaches
  10 goblins
  6 hobgoblins
  3 jackals (D:4)
  9 kobolds
  2 quokkas (D:2)
  3 frilled lizards
  4 rats
80 creatures vanquished.

Notes
Turn   | Place    | Note
-------+----------+-------------------------------------------
     0 | D:1      | hawla the Draconian Conjurer began the quest for the Orb.
     0 | D:1      | Reached XP level 1. HP: 14/14 MP: 3/3
   233 | D:1      | Reached skill level 1 in Fighting
   233 | D:1      | Reached XP level 2. HP: 19/23 MP: 0/5
   273 | D:1      | Learned a level 2 spell: Searing Ray
   894 | D:1      | Reached XP level 3. HP: 18/28 MP: 0/6
  1204 | D:2      | Noticed a phantom
  1513 | D:2      | Killed a phantom
  1514 | D:2      | Reached skill level 5 in Conjurations
  1514 | D:2      | Reached XP level 4. HP: 33/36 MP: 3/9
  1514 | D:2      | Reached XP level 5. HP: 38/41 MP: 3/10
  1519 | D:2      | Learned a level 4 spell: Iskenderun's Mystic Blast
  2285 | D:3      | Reached skill level 1 in Translocations
  2378 | D:3      | Noticed Jessica
  2385 | D:3      | Killed Jessica
  2447 | D:3      | Reached XP level 6. HP: 19/48 MP: 0/11
  2662 | D:3      | Noticed Terence
  2671 | D:3      | Killed Terence
  3247 | D:4      | Reached skill level 6 in Conjurations
  3493 | D:4      | Slain by an orc priest

Illustrated notes

Levels and vault maps discovered:
D:1:      minmay_arrival_stair_chambers, layout_rooms, kennysheep_nondescript
D:2:      layout_rooms, serial_glass, glass_columns_a, glass_columns_a,
          st_stairs_10
D:3:      layout_rooms, uniq_terence, uniq_jessica
D:4:      layout_basic, amethyst_overflow_temple_binary, uniq_crazy_yiuf_cottage

Skill      XL: |  1  2  3  4  5  6 |
---------------+-------------------+-----
Fighting       | 1 2 |  2.0
Spellcasting   | 3 4 |  4.5
Conjurations   | 5 6 |  6.0
Translocations | 1 2 |  2.0
Dodging        | |  1.7
Stealth        | |  1.7

Action                   |  1- 3 |  4- 6 || total
-------------------------+-------+-------++-------
Melee: Unarmed           |    34 |       ||    34
       Tailslap          |     4 |     4 ||     8
       Dagger            |    12 |    72 ||    84
 Cast: Magic Dart        |    45 |    48 ||    93
       Searing Ray       |    16 |    19 ||    35
       Iskenderun's Myst |       |     2 ||     2
  Use: Scroll            |       |     6 ||     6
       Potion            |       |     3 ||     3
Armor: Skin              |    23 |    32 ||    55
Dodge: Dodged            |    57 |    47 ||   104
